 Dungeon Crawl Stone Soup version 0.27-a0-1060-gcb85b5eba1 (webtiles) character file.

Game seed: 8373100821024353444

518 siradein the Carver (level 7, 0/57 HPs)
             Began as a Minotaur Fighter on Apr 21, 2021.
             Slain by a scorpion (6 damage)
             ... on level 5 of the Dungeon.
             The game lasted 00:07:01 (4597 turns).

siradein the Carver (Minotaur Fighter)              Turns: 4597, Time: 00:07:01

Health: 0/57       AC:  9    Str: 20    XL:     7   Next: 1%
Magic:  6/6        EV:  5    Int:  5    God:
Gold:   181        SH: 10    Dex: 18    Spells: 6/6 levels left

rFire    . . .     SeeInvis .   a - +0 long sword
rCold    . . .     Faith    .   c - +0 kite shield
rNeg     . . .     Spirit   .   k - +0 chain mail
rPois    .         Reflect  .   (helmet restricted)
rElec    .         Harm     .   (no cloak)
rCorr    .         Rampage  .   (no gloves)
Will     .....                  (no boots)
Stlth    ..........             (no amulet)
HPRegen  0.19/turn              o - +6 ring of dexterity
MPRegen  0.10/turn              (no ring)

@: lethally poisoned (0 -> -3)
A: horns 2, retaliatory headbutt
a: no special abilities


You were on level 5 of the Dungeon.
You visited 1 branch of the dungeon, and saw 5 of its levels.

You collected 181 gold pieces.

Inventory:

Hand Weapons
 a - a +0 long sword (weapon)
Armour
 c - a +0 kite shield (worn)
 k - a +0 chain mail (worn)
Jewellery
 o - a +6 ring of dexterity (left hand)
Wands
 q - a wand of flame (18)
Scrolls
 f - a scroll of fog
 g - 2 scrolls of vulnerability {unknown}
 i - 2 scrolls of magic mapping {unknown}
 j - a scroll of identify {unknown}
 l - a scroll of blinking {unknown}
 m - 2 scrolls of enchant armour {unknown}
 n - a scroll of fear {unknown}
Potions
 b - a potion of haste {unknown}
 d - 3 potions of might
 e - a potion of cancellation {unknown}
 h - a potion of magic {unknown}
 p - 2 potions of heal wounds {unknown}


   Skills:
 - Level 3.6 Fighting
 + Level 9.2 Long Blades
 - Level 3.6 Armour
 - Level 3.6 Shields


You had 6 spell levels left.
You didn't know any spells.
Your spell library contained the following spells:

 Spells                   Type           Power      Damage    Failure   Level
 Freeze                   Ice            0%         1d3       100%        1
 Frozen Ramparts          Ice            0%         1d2       100%        3
 Ozocubu's Armour         Ice            0%         N/A       100%        3
 Hailstorm                Conj/Ice       0%         3d3       100%        4
 Metabolic Englaciation   Hex/Ice        0%         N/A       100%        5


Dungeon Overview and Level Annotations

Branches:
Dungeon (5/15)
 Temple: D:4-7

Altars:
Ru
Yredelemnul


Innate Abilities, Weirdness & Mutations

You have a pair of horns on your head.
You reflexively headbutt those who attack you in melee.


Message History

The orc priest begins to cast a cantrip, but forgets the words!
The ogre hits you with a +0 giant club!
You completely miss the ogre.
The ogre is severely wounded.
A jelly comes into view.
The ogre hits you with a +0 giant club!
You are too injured to fight recklessly!
You closely miss the ogre.
The ogre is severely wounded.
The ogre hits you but does no damage.
You slash the ogre!
You kill the ogre!
The orc priest calls down the wrath of Beogh upon you.
Beogh smites you!
Your Long Blades skill increases to level 9!
You have reached level 7!
You block the scorpion's attack.
You hit the scorpion but do no damage.
You headbutt the scorpion, but do no damage.
The scorpion stings you but does no damage.
You hit the scorpion but do no damage. Your headbutt misses the scorpion.
The scorpion stings you but does no damage.
You slash the scorpion!
The scorpion is heavily wounded.
The scorpion stings you.
* * * LOW HITPOINT WARNING * * *
You block the scorpion's attack.
You hit the scorpion. You headbutt the scorpion.
The scorpion is severely wounded.
The scorpion stings you.
* * * LOW HITPOINT WARNING * * *
You are poisoned.
The scorpion poisons you!
You feel very sick. You block the scorpion's attack.
You feel sick.
You feel sick.
You feel sick.
You feel sick. The scorpion stings you.
You die...

#...# ... ##.
#####...# ##... ...
#.......##...(....
#(..............#
#........###.#.#
##.......♣♣♣♣...
###+####.....#♣♣.oo♣.#
.......†.#.##♣♣.o.♣)♣♣
....>##.##..@so♣.♣♣oo♣
### #.##.........♣.oo#
#.##.#♣♣..._.♣J♣♣oZ..
#.##.#...♣...♣♣. ...
#.##.#.♣.♣♣♣♣♣... ..
#.##.##♣♣...♣..♣.. .
#.##.#..♣♣...♣ ##..
#.##......♣♣.♣.# #..
#.##....##...#.#


You could see a scorpion, an orc priest and 3 orcs.

Vanquished Creatures
  An ogre (D:5)
  Blork the orc (D:4)
  A bullfrog zombie (D:5)
  A centaur zombie (D:5)
  A gnoll shaman (D:4)
  A centaur skeleton (D:4)
  An orc priest (D:3)
  An iguana (D:5)
  2 scorpion zombies (D:5)
  An orc wizard (D:3)
  A hound zombie (D:5)
  A hound skeleton (D:4)
  3 gnolls (D:4)
  A worm (D:2)
  2 dart slugs (D:1)
  5 orcs
  4 endoplasms
  2 giant cockroaches
  5 goblins
  A hobgoblin (D:3)
  A quokka (D:1)
  7 ball pythons
  6 bats
  A frilled lizard (D:1)
  6 kobolds
  5 rats
62 creatures vanquished.

Notes
Turn   | Place    | Note
-------+----------+-------------------------------------------
     0 | D:1      | siradein the Minotaur Fighter began the quest for the Orb.
     0 | D:1      | Reached XP level 1. HP: 19/19 MP: 0/0
   140 | D:1      | Reached skill level 3 in Long Blades
   160 | D:1      | Found a faded altar of an unknown god.
   243 | D:1      | Reached XP level 2. HP: 26/26 MP: 1/1
  1056 | D:2      | Reached skill level 4 in Long Blades
  1297 | D:2      | Reached XP level 3. HP: 31/31 MP: 2/2
  2194 | D:3      | Reached skill level 5 in Long Blades
  2198 | D:3      | Reached XP level 4. HP: 14/39 MP: 3/3
  3250 | D:4      | Reached skill level 6 in Long Blades
  3260 | D:4      | Reached XP level 5. HP: 45/45 MP: 4/4
  3349 | D:4      | Found a sacrificial altar of Ru.
  3403 | D:4      | Noticed Blork the orc
  3411 | D:4      | Killed Blork the orc
  3412 | D:4      | Reached skill level 7 in Long Blades
  3896 | D:4      | Reached XP level 6. HP: 34/51 MP: 5/5
  4420 | D:5      | Entered Level 5 of the Dungeon
  4439 | D:5      | Reached skill level 8 in Long Blades
  4531 | D:5      | Found a basalt altar of Yredelemnul.
  4588 | D:5      | Reached skill level 9 in Long Blades
  4588 | D:5      | Reached XP level 7. HP: 18/57 MP: 6/6
  4597 | D:5      | Slain by a scorpion

Illustrated notes

Levels and vault maps discovered:
D:1:      co_arrival_square_in_a_square_in_a_square, layout_basic,
          ebering_ecumenical_altar_webs, serial_bayou_ford_a
D:2:      layout_loops_ring, serial_co_window_serial, co_window_paths_a,
          co_window_of_opportunity_a, co_window_cross_1, co_window_paths_a,
          co_window_corner_a, co_window_cross_4, co_window_unsneaky_path_c,
          co_window_broadway_c, co_window_4corner_a, glass_columns_a,
          glass_columns_b, glass_columns_b, glass_columns_a
D:3:      layout_loops_corners
D:4:      layout_basic, lemuel_tele_altar, uniq_blork_the_orc
D:5:      layout_rooms, zin_treasury, nicolae_yredelemnul_corpse_copse,
          minmay_temple_entry_fiery

Skill      XL: |  1  2  3  4  5  6 |
---------------+-------------------+-----
Long Blades    | 3 4 5 6 7 9 |  9.2
Fighting       | |  3.6
Armour         | |  3.6
Shields        | |  3.6

Action                   |  1- 3 |  4- 6 |  7- 9 || total
-------------------------+-------+-------+-------++-------
Melee: Long sword        |    63 |    97 |     4 ||   164
       Headbutt          |    10 |    34 |     2 ||    46
  Use: Scroll            |       |     1 |       ||     1
Armor: Scale mail        |    27 |     7 |       ||    34
       Chain mail        |       |    29 |     2 ||    31
Dodge: Dodged            |    16 |    19 |       ||    35
Block: Kite shield       |    19 |    46 |     3 ||    68
       Rpst.: Long sword |     4 |     6 |       ||    10

Table legend: (Time is in decaauts)
 A = Elapsed time spent in this place.
 B = Non-inter-level travel time spent in this place.
 C = Inter-level travel time spent in this place.
 D = Time resting spent in this place.
 E = Time spent auto-exploring this place.
 F = Levels seen in this place.
 G = Mean time per level.
                   A        B        C        D        E       F      G
               +--------+--------+--------+--------+--------+-----+--------+
         Total |   4660 |   4472 |    188 |    420 |   3584 |   5 |  932.0 |
       Dungeon |   4660 |   4472 |    188 |    420 |   3584 |   5 |  932.0 |
               +--------+--------+--------+--------+--------+-----+--------+

Top non-repeatable levels by time:
     D:3: 1390 daAuts
     D:2: 1084 daAuts
     D:4: 1035 daAuts
     D:1: 963 daAuts
     D:5: 185 daAuts
